 Dungeon Crawl Stone Soup version 0.30-a0-457-g4b7bca3bfa (webtiles) character file.

Game seed: 4436031308671468811

119 PyroL the Grave Robber (level 4, 0/30 HPs)
             Began as a Demonspawn Necromancer on Dec 12, 2022.
             Slain by an orc
             ... wielding a +0 falchion
              (6 damage)
             ... on level 3 of the Dungeon.
             The game lasted 00:04:15 (1792 turns).

PyroL the Grave Robber (Demonspawn Necromancer)     Turns: 1792, Time: 00:04:15

Health: 0/30       AC:  2    Str:  8    XL:     4   Next: 74%
Magic:  0/9        EV: 12    Int: 19    God:
Gold:   73         SH:  0    Dex: 19    Spells: 6/10 levels left

rFire   . . .      SeeInvis .    d - +1 dagger (speed)
rCold   . . .      Faith    .    (no shield)
rNeg    + . .      Spirit   +    a - +0 robe
rPois   .          Reflect  .    (helmet restricted)
rElec   .          Harm     .    (no cloak)
rCorr   .          Rampage  .    (no gloves)
Will    +....                    (no boots)
Stlth   ++........               i - amulet of guardian spirit
HPRegen 0.25/turn                m - ring "Ubiseg" {rN+ Will+}
MPRegen 0.11/turn                n - +6 ring of dexterity

@: no status effects
A: antennae 1, demonic touch 1
a: no special abilities


You were on level 3 of the Dungeon.
You visited 1 branch of the dungeon, and saw 3 of its levels.

You collected 73 gold pieces.

Inventory:

Hand Weapons
 d - a +1 dagger of speed (weapon)
Missiles
 h - 8 boomerangs of dispersal
 o - 6 poisoned darts
Armour
 a - a +0 robe (worn)
Jewellery
 i - an amulet of guardian spirit (around neck)
 j - a ring of fire
 m - the ring "Ubiseg" (left hand) {rN+ Will+}
   (You found it on level 2 of the Dungeon)

   [ring of willpower]

   rN:        It protects you from negative energy.
   Will:      It increases your willpower.
 n - a +6 ring of dexterity (right hand)
Scrolls
 c - 2 scrolls of teleportation {unknown}
 g - a scroll of fear {unknown}
 k - a scroll of identify {unknown}
 l - a scroll of silence {unknown}
 p - a scroll of blinking {unknown}
 q - a scroll of enchant weapon {unknown}
Potions
 b - a potion of magic
 e - a potion of curing {unknown}
 f - 2 potions of mutation {unknown}


   Skills:
 - Level 1.7 Dodging
 - Level 1.7 Stealth
 + Level 3.5 Spellcasting
 + Level 5.7 Necromancy


You had 6 spell levels left.
You knew the following spells:

 Your Spells              Type           Power      Damage    Failure   Level
a - Necrotise             Necr           100%       1d9       1%          1
b - Vampiric Draining     Necr           25%        2d7       4%          3

Your spell library contained the following spells:

 Spells                   Type           Power      Damage    Failure   Level
 Animate Dead             Necr           25%        N/A       14%         4
 Agony                    Necr           25%        N/A       36%         5


Dungeon Overview and Level Annotations

Branches:
Dungeon (3/15)

Altars:


Innate Abilities, Weirdness & Mutations

You have a pair of small antennae on your head.
Your touch may inflict minor irresistible damage on your foes.


Message History

Confirm with . or Enter, or press ? or * to list all spells.
Aiming: Necrotise (safe; 1% risk of failure)
Press: ? - help, Shift-Dir - straight line, f/p - orc
Aim: an orc, wielding a +0 hand axe (chance to affect: 93%)
The orc writhes in agony.
Casting: Necrotise (safe; 1% risk of failure)
Confirm with . or Enter, or press ? or * to list all spells.
Aiming: Necrotise (safe; 1% risk of failure)
Press: ? - help, Shift-Dir - straight line, f/p - orc
Aim: an orc, wielding a +0 hand axe (moderately wounded, chance to affect: 93%)
The orc writhes in agony.
The orc hits you with a +0 hand axe.
Unknown command.
You barely miss the orc.
The orc is heavily wounded.
The orc hits you with a +0 hand axe.
Unknown command.
Casting: Necrotise (safe; 1% risk of failure)
Confirm with . or Enter, or press ? or * to list all spells.
Aiming: Necrotise (safe; 1% risk of failure)
Press: ? - help, Shift-Dir - straight line, f/p - orc
Aim: an orc, wielding a +0 hand axe (heavily wounded, chance to affect: 93%)
The orc writhes in agony.
The orc hits you with a +0 hand axe.
* * * LOW HITPOINT WARNING * * *
Unknown command.
You hit the orc.
You touch the orc.
You kill the orc!
Unknown command.
The orc priest mumbles some strange prayers to Beogh against you.
Beogh smites you!
* * * LOW HITPOINT WARNING * * *
Things that are here:
a +0 dagger; a +0 leather armour The orc closely misses you.
The orc priest looks encouraged for a moment.
The orc attacks as you move away! The orc hits you with a +0 falchion.
* * * LOW HITPOINT WARNING * * *
The orc attacks as you move away! The orc closely misses you.
The orc attacks as you move away! The orc barely misses you.
The orc attacks as you move away! The orc hits you with a +0 falchion!
You die...

#.........# #...
###.........# #...
#..)........# #...
#.#....###########
#.#....# #...#
#.#....# #.#.#
#.#....# #.#.#
#o###### #.#.#
#@#########.#.#
#...........#.#
#############.#
#.....<#.#
#.######.#
#........#
#.######## ###


You could see an orc.

Vanquished Creatures
  2 adders
  3 gnolls (D:3)
  An adder zombie (D:2)
  An adder skeleton (D:2)
  A dart slug (D:2)
  9 orcs (D:3)
  2 bats
  A bat zombie (D:2)
  A giant cockroach (D:1)
  A goblin (D:3)
  7 hobgoblins
  3 jackals (D:2)
  A quokka (D:3)
  6 ball pythons
  A ball python zombie (D:2)
  6 frilled lizards
  3 kobolds
  A quokka zombie (D:2)
  5 rats
55 creatures vanquished.

Notes
Turn   | Place    | Note
-------+----------+-------------------------------------------
     0 | D:1      | PyroL the Demonspawn Necromancer began the quest for the
                  | Orb.
     0 | D:1      | Reached XP level 1. HP: 13/13 MP: 3/3
   181 | D:1      | Discovered your monstrous ancestry.
   181 | D:1      | Gained mutation: Your touch may inflict minor irresistible
                  | damage on your foes. [demonic ancestry]
   181 | D:1      | Reached XP level 2. HP: 6/19 MP: 0/5
   934 | D:2      | Reached XP level 3. HP: 24/24 MP: 7/7
   938 | D:2      | Learned a level 3 spell: Vampiric Draining
   940 | D:2      | Reached skill level 5 in Necromancy
   973 | D:2      | Identified the ring "Ubiseg" {rN+ Will+}
  1500 | D:3      | Gained mutation: You have a pair of small antennae on your
                  | head. [demonic ancestry]
  1500 | D:3      | Reached XP level 4. HP: 30/30 MP: 3/8
  1792 | D:3      | Slain by an orc

Illustrated notes

Levels and vault maps discovered:
D:1:      dpeg_arrival_rhombus, layout_loops_ring
D:2:      layout_rooms, serial_undead, serial_undead_b, serial_undead_c,
          serial_undead_c, serial_undead_f
D:3:      layout_basic, lemuel_crystal_altar, nrook_uturn, hex_intersection

Skill      XL: |  1  2  3 |
---------------+----------+-----
Necromancy     | 5 |  5.7
Spellcasting   | 3 |  3.5
Dodging        | |  1.7
Stealth        | |  1.7

Action                   |  1- 3 |  4- 6 || total
-------------------------+-------+-------++-------
Melee: Dagger            |    48 |    11 ||    59
       Touch             |     8 |     2 ||    10
       Punch             |     1 |       ||     1
 Cast: Necrotise         |    44 |    21 ||    65
 Stab: Sleeping          |     2 |       ||     2
       Distracted        |     1 |       ||     1
Armor: Robe              |    23 |       ||    23
Dodge: Dodged            |    49 |    12 ||    61

Table legend: (Time is in decaauts)
 A = Elapsed time spent in this place.
 B = Non-inter-level travel time spent in this place.
 C = Inter-level travel time spent in this place.
 D = Time resting spent in this place.
 E = Time spent auto-exploring this place.
 F = Levels seen in this place.
 G = Mean time per level.
                   A        B        C        D        E       F      G
               +--------+--------+--------+--------+--------+-----+--------+
         Total |   1775 |   1726 |     49 |      9 |   1312 |   3 |  591.7 |
       Dungeon |   1775 |   1726 |     49 |      9 |   1312 |   3 |  591.7 |
               +--------+--------+--------+--------+--------+-----+--------+

Top non-repeatable levels by time:
     D:1: 770 daAuts
     D:2: 550 daAuts
     D:3: 454 daAuts
